 Dungeon Crawl Stone Soup version 0.19.0-2-gae57169 (webtiles) character file.

2001 Monkfish the Slicer (level 9, -4/56 HPs)
             Began as a Kobold Berserker on Nov 5, 2016.
             Was an Elder of Trog.
             Slain by a big kobold
             ... wielding a +0 short sword
              (9 damage)
             ... on level 7 of the Dungeon.
             The game lasted 00:11:40 (6268 turns).

Monkfish the Slicer (Kobold Berserker)              Turns: 6268, Time: 00:11:41

Health: -4/56      AC:  5    Str: 14    XL:     9   Next: 45%
Magic:  9/9        EV: 20    Int:  8    God:    Trog [****..]
Gold:   277        SH:  0    Dex: 23    Spells: 0 memorised, 8 levels left

rFire  . . .     SeeInvis .     e - +1 short sword (vamp)
rCold  . . .     Gourm    .     b - +0 animal skin
rNeg   . . .     Faith    .     (shield restricted)
rPois  +         Spirit   .     (no helmet)
rElec  .         Reflect  .     i - +2 cloak
rCorr  .         Harm     .     (no gloves)
MR     ++...                    (no boots)
Stlth  ++++......               n - amulet of regeneration
                                o - +5 ring of dexterity
                                a - ring of poison resistance

@: exhausted, about to teleport, regenerating, slowed, very slow
A: carnivore 3
a: Berserk, Trog's Hand, Brothers in Arms, Burn Spellbooks, Renounce Religion


You were on level 7 of the Dungeon.
You worshipped Trog.
Trog was greatly pleased with you.
You were not hungry.

You visited 1 branch of the dungeon, and saw 7 of its levels.

You collected 277 gold pieces.

Inventory:

Hand Weapons
 e - a +1 vampiric short sword (weapon)
 l - a +2 short sword of venom
Armour
 b - a +0 animal skin (worn)
 i - a +2 cloak (worn)
Jewellery
 a - a ring of poison resistance (left hand)
 n - an amulet of regeneration (around neck)
 o - a +5 ring of dexterity (right hand)
Scrolls
 j - 9 scrolls of remove curse
 m - a scroll of identify
Potions
 d - a potion of might
 f - 2 potions of flight
 g - 2 potions of cure mutation
 k - 5 potions of curing
 p - a potion of brilliance
Comestibles
 c - 4 meat rations
 q - a beef jerky


   Skills:
 + Level 6.7 Fighting
 + Level 10.4 Short Blades
 - Level 1.5 Armour
 + Level 6.4 Dodging
 * Level 7.5 Stealth


You had 8 spell levels left.
You didn't know any spells.

Dungeon Overview and Level Annotations

Branches:
Dungeon (7/15)             Temple (0/1) D:6

Altars:
Ashenzari
Fedhas
Makhleb

Shops:
D:5 *

Annotations:
D:3 exclusion: oklob plant
D:7 tv1990's ghost, novice FoMo


Innate Abilities, Weirdness & Mutations

You are small and have problems with some larger weapons.
You are carnivorous and can eat meat at any time.


Message History

You closely miss tv1990's ghost.
Tv1990's ghost is heavily damaged.
Tv1990's ghost curses the gods.
Tv1990's ghost hits you!!
* * * LOW HITPOINT WARNING * * *
You barely miss tv1990's ghost.
Tv1990's ghost is heavily damaged.
You see here a howler monkey corpse.
You feel a strong urge to attack something.
You are no longer berserk.
You are exhausted.
You feel yourself slow down.
Tv1990's ghost says, "Ah, a second chance to prove myself in battle!"
As you read the scroll of teleportation, it crumbles to dust.
You feel strangely unstable. Tv1990's ghost hits you!
* * * LOW HITPOINT WARNING * * *
Tv1990's ghost barely misses you.
Unknown command.
The big kobold hits you with a short sword!
You die...

.. ##..#......# . ...###
#..##......####### ..
#....#####>###.#..........# ...
#.........................#
>...######.......###.#..........#
.......#####.....##.............#
.................#...#.....######
........###†...K.......###.##
.........)††.K.W@##.#.......#
.......###.......##.#.......#
...........#................#
....$.............###.......#
.......#######....# #.......#
....### #....# #.......# ###
.##.# #....# ####.#.####.. .##.#
#....# ##.#.###).. ....## #....#
#..........


You could see a big kobold, tv1990's ghost and a kobold.

Vanquished Creatures
  Grinder (D:6)
  A hungry ghost (D:7)
  An orc warrior (D:6)
  An ice beast (D:4)
  2 ogres
  Blork the orc (D:4)
  A scorpion (D:6)
  3 wights (D:7)
  7 howler monkeys
  3 crimson imps
  A quasit (D:6)
  4 orc priests
  3 bullfrog skeletons
  5 orc wizards
  3 worker ants
  2 hound skeletons
  10 adders
  2 shadow imps (D:5)
  3 oozes
  5 worms
  A dart slug (D:4)
  4 leopard geckos
  22 orcs
  6 giant cockroaches
  4 goblins
  6 hobgoblins
  15 jackals
  8 kobolds
  3 quokkas
  A ball python (D:6)
  A ball python zombie (D:5)
  13 bats
  6 frilled lizards
  A leopard gecko skeleton (D:4)
  A quokka skeleton (D:4)
  5 rats
156 creatures vanquished.

Notes
Turn   | Place    | Note
-------+----------+-------------------------------------------
     0 | D:1      | Monkfish the Kobold Berserker began the quest for the Orb.
     0 | D:1      | Reached XP level 1. HP: 14/14 MP: 1/1
   206 | D:1      | Reached XP level 2. HP: 12/19 MP: 2/2
   623 | D:1      | Reached XP level 3. HP: 23/24 MP: 3/3
   642 | D:1      | Reached skill level 1 in Stealth
  1203 | D:2      | Reached ** piety under Trog
  1642 | D:2      | Reached XP level 4. HP: 29/29 MP: 4/4
  2055 | D:2      | Reached skill level 5 in Short Blades
  2402 | D:3      | Reached XP level 5. HP: 22/33 MP: 5/5
  2655 | D:3      | Reached XP level 6. HP: 39/39 MP: 6/6
  2687 | D:3      | Found a shattered altar of Ashenzari.
  2964 | D:3      | Reached skill level 6 in Short Blades
  3094 | D:3      | Found a blossoming altar of Fedhas.
  3115 | D:3      | Noticed an oklob plant
  3539 | D:4      | Noticed Blork the orc
  3552 | D:4      | Killed Blork the orc
  3832 | D:4      | Reached XP level 7. HP: 44/44 MP: 7/7
  3836 | D:4      | Reached *** piety under Trog
  3917 | D:4      | Reached skill level 7 in Short Blades
  3919 | D:4      | Reached skill level 5 in Fighting
  4355 | D:5      | Entered Level 5 of the Dungeon
  4505 | D:5      | Found Roimit's General Store.
  4896 | D:6      | Reached skill level 8 in Short Blades
  4896 | D:6      | Reached XP level 8. HP: 49/49 MP: 8/8
  4905 | D:6      | Reached skill level 5 in Stealth
  5129 | D:6      | Found a burning altar of Makhleb.
  5129 | D:6      | Noticed a cacodemon
  5156 | D:6      | Reached skill level 5 in Dodging
  5212 | D:6      | Noticed Grinder
  5257 | D:6      | Killed Grinder
  5257 | D:6      | Reached skill level 9 in Short Blades
  5399 | D:6      | Found a staircase to the Ecumenical Temple.
  5495 | D:6      | Reached XP level 9. HP: 55/55 MP: 9/9
  5872 | D:7      | Reached **** piety under Trog
  5939 | D:7      | Reached skill level 10 in Short Blades
  6068 | D:7      | Noticed tv1990's ghost (novice FoMo)
  6266 | D:7      | HP: 1/56 [tv1990's ghost (17)]
  6268 | D:7      | Slain by a big kobold

Skill      XL: |  1  2  3  4  5  6  7  8  9 |
---------------+----------------------------+-----
Stealth        | 1 2 3 4 6 7 |  7.5
Dodging        | 3 4 5 6 |  6.4
Fighting       | 4 5 6 |  6.7
Short Blades   | 5 6 8 9 10 | 10.4
Armour         | |  1.5

Action                   |  1- 3 |  4- 6 |  7- 9 || total
-------------------------+-------+-------+-------++-------
Melee: Short sword       |   116 |   237 |   452 ||   805
Invok: Berserk           |     1 |     3 |     7 ||    11
       Trog's Hand       |       |     1 |     7 ||     8
       Burn Spellbooks   |       |       |     1 ||     1
  Use: Scroll            |     4 |     4 |     6 ||    14
       Potion            |     1 |     2 |     4 ||     7
 Stab: Sleeping          |     4 |     6 |     5 ||    15
  Eat: Chunk             |     8 |    14 |    24 ||    46
Armor: Animal skin       |    14 |    33 |    55 ||   102
Dodge: Dodged            |    78 |   169 |   308 ||   555
